Map: Ruins of Seras

Players

Dayshi

  • Race: Terran Terran
  • League: Grandmaster

SortOf - Winner!

  • Race: Zerg Zerg
  • League: Grandmaster

Event: 2016 WCS Winter Challenger Europe

VOD

Have the link to the VOD?

Description

Time

  • Played on: Feb. 13, 2016, 1:08 p.m.
  • Length: 11:53

All games in this series

Show
View Real Time Build Order
Export as new Build Order

Dayshi Terran 

Build Orders: Reaper Expand, Hellion Banshee, MMM Bio 

Get SALT Encoding   

  12  0:01  SCV  
  13  0:14  SCV  
  14  0:18  Supply Depot  
  14  0:26  SCV  
  15  0:40  SCV  
  15  0:41  Barracks  
  16  0:45  Refinery  
  16  0:52  SCV  
  17  1:04  SCV  
  18  1:16  SCV  
  19  1:28  Orbital Command  
  19  1:29  Reaper  
  20  1:42  Command Center  
  20  1:50  Supply Depot  
  20  1:55  SCV  
  21  2:02  Marine  
  21  2:07  SCV  
  23  2:13  Factory  
  23  2:16  Refinery  
  23  2:19  SCV  
  23  2:22  Barracks Reactor  
  24  2:31  SCV  
  25  2:43  SCV  
  26  2:54  Orbital Command  
  26  2:55  SCV  
  27  2:58  Starport  
  26  3:07  Hellion x2  
  26  3:08  SCV  
  26  3:09  Barracks Tech Lab  
  31  3:20  SCV x2  
  33  3:28  Hellion x2  
  33  3:29  Supply Depot  
  33  3:32  SCV x2  
  39  3:39  Barracks Tech Lab  
  39  3:41  Banshee, Cloaking Field  
  42  3:49  SCV x2  
  42  3:52  Hellion x2  
  48  3:56  Supply Depot  
  48  4:01  SCV  
  48  4:02  SCV  
  50  4:03  Marine  
  50  4:04  Stimpack  
  51  4:13  SCV  
  51  4:14  SCV  
  51  4:16  Barracks  
  53  4:22  Factory Reactor  
  53  4:23  Barracks  
  53  4:26  Banshee, SCV  
  53  4:27  SCV  
  58  4:32  Supply Depot  
  58  4:33  Marine  
  59  4:38  SCV  
  59  4:39  SCV  
  61  4:50  SCV, Command Center  
  62  4:53  Marine  
  62  4:55  Supply Depot  
  62  4:56  SCV  
  64  5:03  SCV  
  65  5:10  Marine x2  
  65  5:11  SCV  
  68  5:15  SCV  
  69  5:22  Refinery x2  
  69  5:23  SCV  
  69  5:24  Engineering Bay  
  69  5:26  Engineering Bay, Starport Reactor  
  69  5:27  SCV  
  66  5:30  Marine x3  
  66  5:35  Siege Tank, SCV  
  60  5:39  SCV  
  53  5:47  SCV, Marine x2  
  47  5:50  Marine x3  
  47  5:51  SCV  
  44  5:59  SCV  
  40  6:05  Marine x2  
  40  6:08  Marine x3  
  40  6:09  SCV  
  43  6:18  SCV  
  44  6:21  SCV  
  44  6:25  Medivac x2  
  49  6:27  Combat Shields  
  49  6:30  SCV  
  50  6:33  SCV  
  50  6:38  Engineering Bay  
  51  6:43  Marine x3  
  51  6:44  Marine  
  51  6:45  Marine  
  56  6:59  SCV x2  
  58  7:06  Marine x3  
  58  7:07  Marine  
  62  7:13  Supply Depot x2  
  62  7:15  SCV, Siege Tank, Medivac x2  
  70  7:30  Terran Infantry Weapons Level 1  
  70  7:34  SCV x2, Marine x5  
  70  7:35  Supply Depot  
  74  7:47  SCV  
  73  7:52  Marine x2  
  73  7:53  Marauder  
  75  7:59  Marine x2  
  76  8:10  Marine x2  
  76  8:12  Medivac x2, SCV x2  
  80  8:13  Marine  
  80  8:16  Marine  
  80  8:17  Marine  
  77  8:24  Siege Tank  
  77  8:26  SCV x2  
  79  8:28  Marine x2  
  79  8:31  Marine  
  80  8:40  Marine x2  
  80  8:41  SCV x2  
  79  8:45  Marine x2  
  82  8:49  Marine  
  80  8:58  Marine  
  80  9:00  Siege Tank  
  83  9:04  Command Center  
  83  9:07  Medivac x2, Marine x2  
  89  9:15  Marauder, Marine  
  89  9:16  Marine  
  93  9:24  Barracks x2  
  93  9:25  SCV  
  93  9:27  Supply Depot  
  94  9:32  Marine x2  
  94  9:33  Concussive Shells  
  94  9:36  Terran Infantry Armor Level 1  
  94  9:37  Marauder  
  98  9:39  Marine x2  
  100  9:49  Siege Tank  
  100  9:52  Marine x2  
  96  10:11  Marine  
  89  10:14  Marauder, Marine x5  
  97  10:28  SCV x2  
  97  10:29  Marine  
  97  10:32  Marine x5  
  98  10:36  Marauder  
  93  10:46  Marine  
  93  10:49  Marine  
  87  10:50  Marine x2  
  87  10:51  Orbital Command  
  90  10:57  Marauder  
  90  10:58  Barracks Tech Lab x2  
  90  11:00  SCV x2  
  92  11:04  Marine  
  92  11:05  Armory  
  93  11:12  SCV  
  93  11:13  SCV  
  93  11:14  Marine  
  93  11:15  Marine  
  96  11:19  Marauder  
  101  11:29  Marauder, Marine x3  
  101  11:32  Marine  
Show
View Real Time Build Order
Export as new Build Order

SortOf Zerg - Winner!

Build Orders: Hatch First 

Get SALT Encoding   

  12  0:00  Drone  
  13  0:13  Overlord  
  13  0:18  Drone  
  14  0:31  Drone  
  14  0:32  Drone  
  16  0:36  Drone  
  17  0:46  Drone  
  18  0:58  Hatchery  
  18  1:00  Drone  
  18  1:05  Extractor  
  18  1:07  Drone  
  18  1:18  Spawning Pool  
  17  1:21  Drone  
  18  1:29  Drone  
  19  1:39  Overlord  
  19  1:56  Drone  
  20  2:05  Queen  
  20  2:06  Metabolic Boost  
  20  2:07  Zergling x2  
  23  2:10  Drone, Queen  
  23  2:14  Zergling x2  
  27  2:21  Zergling x2  
  28  2:23  Drone  
  29  2:30  Spore Crawler  
  29  2:33  Drone  
  29  2:39  Spore Crawler  
  29  2:44  Overlord, Queen  
  29  2:46  Drone  
  33  2:53  Overlord  
  33  2:54  Drone  
  33  2:55  Drone  
  35  2:59  Spore Crawler  
  35  3:04  Drone  
  36  3:07  Drone  
  37  3:15  Drone  
  38  3:21  Hatchery, Drone x2  
  38  3:22  Drone  
  40  3:27  Drone  
  40  3:29  Drone  
  40  3:31  Drone x2  
  44  3:38  Roach Warren  
  44  3:40  Drone, Extractor  
  42  3:49  Drone x3  
  42  3:51  Extractor  
  42  3:54  Drone x2  
  42  3:55  Drone  
  47  4:01  Overlord  
  47  4:04  Drone  
  47  4:08  Spore Crawler  
  47  4:09  Overlord x2  
  47  4:18  Roach x2  
  47  4:20  Roach  
  53  4:26  Spore Crawler, Roach x2  
  53  4:31  Roach x2  
  60  4:35  Roach  
  62  4:44  Roach x2  
  66  4:47  Zergling x2  
  66  4:48  Zergling x8  
  66  4:50  Ravager x2  
  73  4:57  Overlord, Zergling x2  
  73  4:58  Zergling x2  
  75  5:06  Ravager x2  
  75  5:10  Zergling x12  
  81  5:15  Ravager  
  81  5:17  Drone x3  
  81  5:19  Drone  
  85  5:23  Drone x2  
  85  5:25  Drone  
  84  5:28  Drone x2  
  84  5:35  Drone x3  
  84  5:38  Drone  
  84  5:39  Drone  
  84  5:40  Drone  
  81  5:45  Lair  
  77  5:50  Evolution Chamber  
  77  5:51  Drone x2  
  75  5:59  Drone x2, Queen  
  72  6:09  Drone  
  68  6:16  Spore Crawler, Queen  
  68  6:18  Zerg Ground Armor Level 1, Roach  
  66  6:19  Evolution Chamber  
  66  6:20  Drone x4  
  66  6:22  Extractor  
  66  6:25  Roach x2  
  72  6:30  Drone x2  
  74  6:33  Drone  
  74  6:36  Drone  
  76  6:42  Overseer  
  76  6:44  Drone x4  
  76  6:45  Drone  
  76  6:46  Overlord  
  76  6:55  Drone x3  
  76  6:57  Zerg Missile Weapons Level 1, Glial Reconstitution  
  76  6:58  Roach  
  76  6:59  Roach x4  
  87  7:03  Drone  
  87  7:04  Extractor  
  87  7:06  Extractor  
  86  7:12  Drone, Roach  
  86  7:13  Roach  
  86  7:14  Overlord  
  91  7:16  Roach x2  
  91  7:19  Roach  
  91  7:20  Overlord  
  97  7:23  Drone  
  98  7:34  Roach x4  
  106  7:37  Hatchery  
  106  7:41  Roach x4  
  106  7:43  Overlord  
  108  7:57  Roach x2  
  108  7:58  Roach  
  106  8:02  Queen  
  106  8:04  Roach x5  
  114  8:11  Roach  
  114  8:12  Roach  
  114  8:15  Roach  
  114  8:17  Overlord x3  
  112  8:20  Zerg Ground Armor Level 2  
  112  8:22  Roach x2  
  114  8:29  Overlord  
  114  8:30  Overseer  
  112  8:37  Queen  
  112  8:40  Ravager  
  112  8:41  Ravager x4  
  113  8:42  Drone x6  
  113  8:43  Drone x2  
  121  8:51  Roach  
  121  8:55  Roach x4  
  131  9:00  Roach  
  131  9:01  Roach x3  
  139  9:04  Overseer  
  139  9:06  Zerg Missile Weapons Level 2  
  139  9:15  Roach x5  
  139  9:16  Overlord  
  149  9:18  Extractor, Spore Crawler  
  149  9:19  Extractor  
  149  9:20  Spine Crawler  
  145  9:24  Overlord  
  145  9:28  Drone x5  
  145  9:29  Drone x2  
  145  9:30  Overlord  
  152  9:37  Ravager x4  
  152  9:38  Roach  
  158  9:39  Roach  
  158  9:44  Roach  
  158  9:45  Roach x2  
  166  9:55  Roach x5  
  168  10:09  Roach x2  
  168  10:10  Roach  
  168  10:11  Roach x2  
  176  10:22  Overlord  
  176  10:30  Infestation Pit  
  176  10:31  Overlord x2  
  174  10:37  Roach  
  174  10:39  Roach  
  176  10:43  Roach  
  176  10:48  Roach x6  
  175  10:51  Queen  
  175  10:52  Roach  
  175  10:54  Roach x8  
  191  11:02  Roach  
  193  11:05  Roach x3  
  193  11:10  Overseer  
  199  11:20  Hatchery  
  199  11:23  Roach  
  199  11:24  Roach x3  
  200  11:30  Extractor  
  199  11:33  Extractor  
Tags
 
Add a new tag
Caveats
  • Supply blocks, unpowered buildings, or Contaminate may cause inaccurate times.
  • Supply counts are checked every 10 seconds.